 Dungeon Crawl Stone Soup version 0.26.1-2-gb8aa6d0cf2 (webtiles) character file.

Game seed: 16637389269386420792

3225 CryoSword the Fighter (level 9, -2/151 HPs)
             Began as an Ogre Chaos Knight on Feb 15, 2021.
             Was a Plaything of Xom.
             Slain by a two-headed ogre
             ... wielding a +0 giant club
              (19 damage)
             ... on level 7 of the Dungeon.
             The game lasted 00:18:48 (7194 turns).

CryoSword the Fighter (Ogre Chaos Knight)           Turns: 7194, Time: 00:18:49

Health: -2/151     AC: 24    Str: 18    XL:     9   Next: 98%
Magic:  9/9        EV:  1    Int: 13    God:    Xom [...*..]
Gold:   478        SH:  0    Dex:  9    Spells: 8/8 levels left

rFire    . . .     SeeInvis +   a - +0 mace (chaos)
rCold    . . .     Faith    .   (no shield)
rNeg     + + +     Spirit   .   (armour currently unavailable)
rPois    +         Reflect  .   (helmet currently unavailable)
rElec    .         Harm     .   (cloak currently unavailable)
rCorr    .         Rampage  .   (gloves unavailable)
Will     +....     Clarity  +   (boots unavailable) Stlth +++.......NoTele +
                                (no amulet)
HPRegen  0.35/turn              d - ring of see invisible
MPRegen  0.11/turn              n - ring of stealth

@: tree-form
A: large, unfitting armour, blurry vision 1, clarity, clumsy 1, strong-willed 1
a: Renounce Religion


You were on level 7 of the Dungeon.
You worshipped Xom.
You were a favourite toy of Xom.
You were a tree.
You visited 1 branch of the dungeon, and saw 7 of its levels.

You collected 478 gold pieces.

Inventory:

Hand Weapons
 a - a +0 mace of chaos (weapon)
 p - a +2 vorpal dire flail
   (You took it off Edmund on level 4 of the Dungeon)
Missiles
 B - 3 boomerangs
Armour
 b - a +2 robe (melded)
 s - a +0 cloak (melded)
   (You found it on level 2 of the Dungeon)
 t - a +1 robe of positive energy
   (You took it off Sigmund on level 2 of the Dungeon)
Jewellery
 d - a ring of see invisible (left branch)
   (You found it on level 1 of the Dungeon)
 n - a ring of stealth (right branch)
   (You found it on level 1 of the Dungeon)
 x - an uncursed ring of protection from cold
   (You found it on level 5 of the Dungeon)
Wands
 r - a wand of flame (29)
   (You took it off Sigmund on level 2 of the Dungeon)
 w - a wand of disintegration (15) (quivered)
   (You found it on level 6 of the Dungeon)
Scrolls
 e - a scroll of fog {unknown}
 f - 4 scrolls of identify {@r1}
 h - a scroll of magic mapping
 i - 3 scrolls of remove curse {@r2}
 k - 8 scrolls of teleportation {unknown}
 u - 2 scrolls of enchant armour {unknown}
 y - a scroll of amnesia {unknown}
 z - 2 scrolls of summoning {unknown}
 A - a scroll of acquirement {unknown}
 C - a scroll of fear {unknown}
Potions
 c - 2 potions of curing {@q1}
 g - a potion of degeneration {unknown}
 j - 2 potions of ambrosia {unknown}
 m - a potion of flight {unknown}
 o - 2 potions of heal wounds {unknown}
 v - a potion of brilliance {unknown}
Miscellaneous
 q - a phantom mirror
   (Xom gifted it to you on level 2 of the Dungeon)


   Skills:
 + Level 9.8 Fighting
 * Level 9.3 Maces & Flails
 - Level 5.2 Dodging
 + Level 3.3 Stealth


You had 8 spell levels left.
You didn't know any spells.
Your spell library contained the following spells:

 Spells                   Type           Power        Failure   Level
 Animate Skeleton         Necr           0%           30%         1
 Apportation              Tloc           0%           30%         1
 Corona                   Hex            0%           30%         1
 Summon Small Mammal      Summ           0%           30%         1


Dungeon Overview and Level Annotations

Branches:
Dungeon (7/15)             Temple (0/1) D:4

Altars:
Qazlal
Ru
Uskayaw
Xom
Yredelemnul

Shops:
D:7 *


Innate Abilities, Weirdness & Mutations

You are too large for most types of armour.
((You have tough skin. (AC +1)))
((You have a beak for a mouth.))
Scrolls take you a little longer to read.
You possess an exceptional clarity of mind.
You are clumsy. (Dex -2)
((Your flesh is heat resistant. (rF+)))
You are strong-willed. (Will+)


Message History

Your transformation is almost over.
You start resting.
You feel less wooden.
Your +0 cloak unmelds from your body.
Your +2 robe unmelds from your body.
You start resting.
You are now a favourite toy of Xom.
You start resting.
There is a stone staircase leading down here.
You climb downwards.
A worker ant, an ice beast and an ufetubus come into view.
Found 14 arrows, 32 stones and 18 gold pieces.
Found a stone staircase leading down.
There is a stone staircase leading up here.
You see here 14 arrows.
The helpless ice beast fails to defend itself.
You thump the ice beast!
Space warps horribly around the ice beast!!
You closely miss the ice beast.
The ice beast hits you but does no damage.
You barely miss the ice beast. The ice beast hits you.
The ice beast freezes you!
The ufetubus hits you but does no damage. x2
You hit the ice beast.
You kill the ice beast!
The ufetubus hits you. The ufetubus barely misses you.
The worker ant misses you.
The ufetubus hits you but does no damage. x2
You barely miss the worker ant. The worker ant bites you.
The ufetubus barely misses you. The ufetubus hits you.
You hit the worker ant but do no damage.
The worker ant goes berserk!
Xom is highly amused!
The worker ant bites you!
The ufetubus hits you but does no damage. x2
The worker ant bites you!
You are too injured to fight recklessly!
You are too injured to fight recklessly!
You are too injured to fight recklessly!
You hit the worker ant but do no damage.
The worker ant seems to slow down.
Your peck misses the worker ant. The ufetubus misses you.
The ufetubus hits you but does no damage.
The worker ant barely misses you. The ufetubus hits you.
The ufetubus closely misses you.
You closely miss the worker ant. The ufetubus barely misses you.
The ufetubus misses you.
The worker ant bites you but does no damage.
You hit the worker ant.
The worker ant is poisoned.
The ufetubus misses you. The ufetubus closely misses you.
The worker ant bites you!
* * * LOW HITPOINT WARNING * * *
The ufetubus hits you but does no damage.
The ufetubus hits you.
* * * LOW HITPOINT WARNING * * *
You closely miss the worker ant.
The worker ant bites you but does no damage.
The ufetubus closely misses you. The ufetubus hits you.
* * * LOW HITPOINT WARNING * * *
You completely miss the worker ant. Your peck misses the worker ant.
The worker ant misses you.
The ufetubus hits you but does no damage.
The ufetubus hits you.
* * * LOW HITPOINT WARNING * * *
You hit the worker ant. You freeze the worker ant.
The ufetubus hits you but does no damage.
The ufetubus barely misses you. The worker ant barely misses you.
The ufetubus closely misses you. The ufetubus barely misses you.
The worker ant bites you!
* * * LOW HITPOINT WARNING * * *
You closely miss the worker ant. You peck the worker ant.
The ufetubus barely misses you. The ufetubus hits you.
* * * LOW HITPOINT WARNING * * *
The worker ant barely misses you.
You barely miss the worker ant.
The ufetubus hits you but does no damage. x2
The worker ant closely misses you.
You hit the worker ant but do no damage.
Your peck misses the worker ant.
You kill the worker ant!
The ufetubus barely misses you. The ufetubus closely misses you.
The ufetubus barely misses you.
The ufetubus hits you but does no damage.
You closely miss the ufetubus. Your peck misses the ufetubus.
The ufetubus hits you.
* * * LOW HITPOINT WARNING * * *
The ufetubus hits you but does no damage.
You hit the ufetubus.
The ufetubus hits you but does no damage.
The ufetubus barely misses you. The ufetubus hits you.
* * * LOW HITPOINT WARNING * * *
The ufetubus barely misses you.
You sock the ufetubus! You burn the ufetubus.
You kill the ufetubus!
There is a stone staircase leading up here.
You climb upwards.
There is a stone staircase leading down here.
You start resting.
You climb downwards.
There is a stone staircase leading up here.
You now have 478 gold pieces (gained 18).
Found a stone staircase leading down.
A bullfrog and a two-headed ogre come into view.
The two-headed ogre moves out of view.
A bullfrog is nearby!
A bullfrog is nearby!
No target in view!
No target in view!
A bullfrog is nearby!
Found a mace.
The two-headed ogre shouts in stereo!
Found Ipsocrotre's General Store.
Found a scroll labelled KUUXTIEBUO.
Aim: a two-headed ogre, wielding two +0 giant clubs (chance to affect: 48%)
The two-headed ogre resists with some effort.
The bullfrog gives a loud, deep croak!
Aim: a two-headed ogre, wielding two +0 giant clubs (chance to affect: 48%)
The two-headed ogre resists with some effort.
Aim: a two-headed ogre, wielding two +0 giant clubs (chance to affect: 48%)
The two-headed ogre resists with some effort.
Aim: a two-headed ogre, wielding two +0 giant clubs (chance to affect: 48%)
The two-headed ogre resists with some effort.
You hit the two-headed ogre. You burn the two-headed ogre.
The two-headed ogre closely misses you.
The two-headed ogre hits you with a +0 giant club.
You sock the two-headed ogre!
The two-headed ogre is poisoned.
The two-headed ogre barely misses you.
The two-headed ogre hits you with a +0 giant club.
You sock the two-headed ogre!
The two-headed ogre looks as sick as possible!
You hit the two-headed ogre but do no damage.
The two-headed ogre goes berserk!
Xom thinks this is hilarious!
The two-headed ogre hits you with a +0 giant club!! x2
* * * LOW HITPOINT WARNING * * *
The two-headed ogre hits you with a +0 giant club!
* * * LOW HITPOINT WARNING * * *
The two-headed ogre hits you with a +0 giant club!
* * * LOW HITPOINT WARNING * * *
Really quaff
l - a potion of lignification {!q}?
Really quaff the potion of lignification?
You turn into a tree.
Your +0 cloak melds into your body.
Your +2 robe melds into your body.
Your roots penetrate the ground.
The bullfrog hits you but does no damage.
The two-headed ogre hits you but does no damage.
The two-headed ogre hits you with a +0 giant club!
* * * LOW HITPOINT WARNING * * *
You thump the two-headed ogre! You burn the two-headed ogre.
The bullfrog hits you but does no damage.
The two-headed ogre hits you with a +0 giant club!!
You die...
Xom cackles wildly!

#................#
###...(............#
.?#...<............#
#..................#
##.................#
###..............##
###..(..##.....#..
#....####.........
.##.♣O#.......... ..
###F...........
#............
#............
#............
#............
#...........
#.).......#
##....∩..##


You could see a two-headed ogre (berserk, extremely poisoned) and a bullfrog.

Vanquished Creatures
  An ugly thing (D:6)
  A meliai (D:5)
  Sigmund (D:2)
  Eustachio (D:6)
  Menkaure (D:4)
  Edmund (D:4)
  An eye of draining (D:6)
  2 ice beasts
  A sky beast (D:5)
  A phantom (D:5)
  2 ogres (D:4)
  3 centaurs
  3 bullfrogs (D:6)
  A jelly (D:6)
  A bullfrog zombie (D:5)
  A quasit (D:5)
  A centaur zombie (D:6)
  5 hounds
  2 orc priests
  A centaur skeleton (D:5)
  Natasha (thrice) (D:2)
  3 orc wizards
  6 worker ants
  A worker ant zombie (D:6)
  Robin (D:3)
  11 adders
  2 white imps (D:6)
  An ufetubus (D:7)
  A dart slug (D:2)
  A leopard gecko (D:5)
  20 orcs
  2 ball pythons (D:2)
  5 bats
  3 giant cockroaches
  7 hobgoblins
  20 jackals
  A quokka (D:4)
  3 frilled lizards
  17 goblins
  4 kobolds
  A quokka skeleton (D:4)
  7 rats
151 creatures vanquished.

Vanquished Creatures (collateral kills)
  Prince Ribbit (D:5)
  An orc wizard (D:4)
  Ijyb (D:4)
  A leopard gecko (D:5)
  5 orcs
  A quokka (D:5)
10 creatures vanquished.

Vanquished Creatures (others)
  A plant (D:1)
1 creature vanquished.

Grand Total: 162 creatures vanquished

Notes
Turn   | Place    | Note
-------+----------+-------------------------------------------
     0 | D:1      | CryoSword the Ogre Chaos Knight began the quest for the
                  | Orb.
     0 | D:1      | Reached XP level 1. HP: 24/24 MP: 1/1
   167 | D:1      | Reached XP level 2. HP: 28/32 MP: 2/2
   287 | D:1      | XOM: silly message
   319 | D:1      | XOM: divination: detect items
   639 | D:1      | XOM: silly message
   707 | D:1      | XOM: divination: magic mapping
   735 | D:2      | Reached XP level 3. HP: 31/40 MP: 3/3
   867 | D:2      | Noticed Natasha
   867 | D:2      | XOM: potion effect (curing)
   874 | D:2      | Killed Natasha
   875 | D:2      | Reached XP level 4. HP: 15/49 MP: 4/4
   958 | D:2      | Noticed Natasha
   963 | D:2      | XOM: confuse monster(s)
   966 | D:2      | Killed Natasha
  1164 | D:2      | Noticed Natasha
  1165 | D:2      | XOM: fog
  1170 | D:2      | XOM: confuse monster(s)
  1172 | D:2      | Killed Natasha
  1173 | D:2      | Reached skill level 5 in Fighting
  1173 | D:2      | Reached XP level 5. HP: 44/57 MP: 5/5
  1182 | D:2      | XOM: god gift: phantom mirror
  1271 | D:2      | Noticed Sigmund
  1287 | D:2      | Killed Sigmund
  1288 | D:2      | Reached XP level 6. HP: 50/67 MP: 6/6
  1320 | D:2      | XOM: polymorph jackal -> ball python
  1776 | D:3      | Reached skill level 5 in Maces & Flails
  1859 | D:3      | Found a hide-covered altar of Uskayaw.
  1859 | D:3      | XOM: 6-stop teleportation journey
  1927 | D:3      | Noticed Robin
  1955 | D:3      | Killed Robin
  2062 | D:3      | Found a sacrificial altar of Ru.
  2065 | D:3      | Found a basalt altar of Yredelemnul.
  2068 | D:3      | Found a stormy altar of Qazlal.
  2217 | D:3      | XOM: scenery: create altars
  2419 | D:3      | XOM: draining
  2469 | D:4      | Reached XP level 7. HP: 65/65 MP: 7/7
  2545 | D:4      | Found a staircase to the Ecumenical Temple.
  2559 | D:4      | Noticed Edmund
  2572 | D:4      | XOM: summons friendly white imp
  2573 | D:4      | Noticed Ijyb
  2581 | D:4      | Killed Ijyb
  2597 | D:4      | Killed Edmund
  2950 | D:4      | Noticed Menkaure
  2968 | D:4      | XOM: scenery: create altars
  3080 | D:4      | XOM: cloud trail
  3084 | D:4      | Found a sacrificial altar of Ru.
  3103 | D:4      | XOM: scenery: summon butterflies
  3108 | D:4      | XOM: cleaving
  3109 | D:4      | XOM: summons friendly white imp
  3163 | D:4      | XOM: god gift: runed chain mail {god gift}
  3582 | D:4      | XOM: divination: detect items
  3589 | D:4      | Killed Menkaure
  3590 | D:4      | Reached XP level 8. HP: 13/87 MP: 8/8
  3790 | D:4      | XOM: give mutations
  3790 | D:4      | Gained mutation: You have a beak for a mouth. [Xom's grace]
  3790 | D:4      | Gained mutation: You are strong-willed. (Will+) [Xom's
                  | grace]
  3862 | D:4      | XOM: give mutation
  3862 | D:4      | Gained mutation: You possess an exceptional clarity of
                  | mind. [Xom's grace]
  4025 | D:5      | Entered Level 5 of the Dungeon
  4196 | D:5      | XOM: summons 8 friendly demons
  4203 | D:5      | Noticed a meliai
  4203 | D:5      | an ice beast changed into a meliai
  4205 | D:5      | Killed a meliai
  4252 | D:5      | Reached skill level 5 in Dodging
  4284 | D:5      | XOM: cloud trail
  4440 | D:5      | XOM: give mutations
  4440 | D:5      | Gained mutation: You are clumsy. (Dex -2) [Xom's mischief]
  4440 | D:5      | Gained mutation: Scrolls take you a little longer to read.
                  | [Xom's mischief]
  4471 | D:5      | Noticed Prince Ribbit
  4483 | D:5      | XOM: summons 5 friendly demons
  4495 | D:5      | Killed Prince Ribbit
  4764 | D:5      | XOM: scenery: create altars
  4793 | D:5      | XOM: scenery: summon butterflies
  4902 | D:5      | Reached skill level 1 in Stealth
  4914 | D:5      | XOM: cleaving
  4917 | D:5      | XOM: summons 4 friendly demons
  4943 | D:5      | Reached XP level 9. HP: 62/97 MP: 9/9
  4962 | D:5      | XOM: god gift: metal-bound book {god gift}
  4976 | D:5      | XOM: scenery: create altars
  4990 | D:5      | XOM: god gift: thick runed staff {god gift}
  4996 | D:5      | XOM: god gift: 58 gold pieces
  5152 | D:5      | You fall into a shaft and drop 1 floor!
  5214 | D:6      | Noticed a purple ugly thing
  5246 | D:6      | XOM: summons 4 friendly demons
  5552 | D:6      | XOM: scenery: create altars
  5749 | D:6      | Noticed Eustachio
  5764 | D:6      | Killed Eustachio
  5772 | D:6      | XOM: scenery: summon butterflies
  5806 | D:6      | XOM: give mutation
  5806 | D:6      | Gained mutation: Your flesh is heat resistant. (rF+) [Xom's
                  | grace]
  5855 | D:6      | XOM: 5-stop teleportation journey
  6025 | D:6      | XOM: summons friendly crimson imp
  6194 | D:6      | XOM: silly message
  6245 | D:6      | XOM: god gift: plate armour {god gift}
  6400 | D:6      | XOM: cast spell 'Dispersal'
  6551 | D:6      | XOM: polymorph purple ugly thing -> cyan ugly thing
  6552 | D:6      | XOM: enchant monster (good)
  6565 | D:6      | XOM: smoke on damage
  6580 | D:6      | Killed a cyan ugly thing
  7174 | D:7      | Noticed a two-headed ogre
  7180 | D:7      | Found Ipsocrotre's General Store.
  7194 | D:7      | Slain by a two-headed ogre

Illustrated notes

Levels and vault maps discovered:
D:1:      giann_forest_graveyard, layout_basic, serial_bayou,
          serial_bayou_crossing, serial_bayou_pond_a, serial_bayou_pond_d,
          serial_bayou_lagoon_a, minmay_statues_item, chequers_mini_garden
D:2:      layout_loops_ring, uniq_natasha, uniq_sigmund
D:3:      layout_loops_cross, grunt_temple_overflow_cloverleaf, uniq_robin
D:4:      layout_gridville, minmay_temple_entry_grid, minmay_ruined_shrine,
          uniq_menkaure, uniq_edmund, uniq_ijyb
D:5:      layout_loops_cross, uniq_prince_ribbit1
D:6:      layout_basic, uniq_eustachio
D:7:      layout_rooms, serial_shops, shop

Skill      XL: |  1  2  3  4  5  6  7  8  9 |
---------------+----------------------------+-----
Maces & Flails | 3 4 5 6 7 9 |  9.3
Fighting       | 5 6 7 8 9 |  9.8
Dodging        | 3 4 5 |  5.2
Stealth        | 1 3 |  3.3

Action                   |  1- 3 |  4- 6 |  7- 9 || total
-------------------------+-------+-------+-------++-------
Melee: Mace              |    97 |   137 |   369 ||   603
       Peck              |       |       |    44 ||    44
Evoke: Phantom mirror    |       |     1 |     1 ||     2
       Wand              |       |       |     4 ||     4
  Use: Scroll            |       |     7 |       ||     7
       Potion            |       |       |     5 ||     5
 Stab: Distracted        |       |     1 |     1 ||     2
       Sleeping          |       |     3 |     6 ||     9
       Paralysed         |       |     1 |     8 ||     9
       Invisible         |       |       |     1 ||     1
       Petrified         |       |       |     6 ||     6
       Petrifying        |       |       |     4 ||     4
Armor: Robe              |    53 |    44 |    89 ||   186
       Skin              |       |       |    13 ||    13
Dodge: Dodged            |    72 |    68 |   204 ||   344
